 Dungeon Crawl Stone Soup version 0.27-a0-1302-g7736ffe575 (webtiles) character file.

Game seed: 17891626031181332684

1390 semen the Magician (level 9, -2/85 HPs)
             Began as a Djinni Fire Elementalist on June 18, 2021.
             Shot with an arrow by a centaur (4 damage)
             ... on level 6 of the Dungeon.
             The game lasted 00:41:20 (9549 turns).

semen the Magician (Djinni Fire Elementalist)       Turns: 9549, Time: 00:41:21

Health: -2/85      AC: 32    Str:  7    XL:     9   Next: 0%
Gold:   357        EV:  2    Int: 19    God:
                   SH:  0    Dex: 15

rFire    . . .     SeeInvis .   p - +4 spear
rCold    . . .     Faith    .   (no shield)
rNeg     + + +     Spirit   .   (armour currently unavailable)
rPois    ∞         Reflect  .   (helmet currently unavailable)
rElec    .         Harm     .   (cloak currently unavailable)
rCorr    .         Rampage  .   (gloves currently unavailable)
Will     .....     NoTele   +   (boots unavailable)
Stlth    ++........             (no amulet)
HPRegen  0.24/turn              g - +4 ring of protection
MPRegen  0.00/turn              n - +4 ring of protection

@: tree-form
A: stationary, stasis, torment immunity, boosted hp, sickness immunity, (fire
resistance 2), (cold vulnerability 1), float, innate caster, hp casting, extra
vitality 1
a: no special abilities


You were on level 6 of the Dungeon.
You were a tree.
You visited 1 branch of the dungeon, and saw 6 of its levels.

You collected 357 gold pieces.

Inventory:

Hand Weapons
 p - a +4 spear (weapon)
Armour
 k - a +2 robe (melded)
Jewellery
 g - a +4 ring of protection (left branch)
 n - a +4 ring of protection (right branch)
Wands
 c - a wand of charming (11)
Scrolls
 b - 6 scrolls of identify
 e - 2 scrolls of acquirement {unknown}
 f - a scroll of noise
 i - 2 scrolls of immolation {unknown}
 j - a scroll of amnesia {unknown}
 l - a scroll of teleportation {unknown}
 o - a scroll of holy word {unknown}
Potions
 a - a potion of ambrosia
 d - a potion of attraction {unknown}
 m - a potion of lignification


   Skills:
 + Level 1.3 Fighting
 + Level 3.8 Dodging
 + Level 3.2 Stealth
 + Level 7.5 Spellcasting


You couldn't memorise any spells.
You knew the following spells:

 Your Spells              Type           Power      Damage    Failure   Level
a - Foxfire               Conj/Fire      100%       2x1d9     1%          1
b - Conjure Flame         Conj/Fire      35%        6-21      1%          3
c - Inner Flame           Hex/Fire       35%        N/A       1%          3
d - Sticky Flame          Conj/Fire      35%        2d5       4%          4
e - Fireball              Conj/Fire      17%        3d9       12%         5
f - Sandblast             Erth           70%        2d15      1%          1
g - Call Imp              Summ           35%        N/A       1%          2
h - Ignite Poison         Fire/Tmut/Pois 35%        N/A       1%          3
i - Cause Fear            Hex            17%        N/A       4%          4
Your spell library was empty.

Dungeon Overview and Level Annotations

Branches:
Dungeon (6/15)             Temple (0/1) D:4

Altars:
Ru
Vehumet


Innate Abilities, Weirdness & Mutations

You are a tree.
Your roots penetrate the ground, keeping you stationary.
You cannot be teleported.
You are immune to unholy pain and torment.
Your maximum health is greatly increased.
Your equipment is partially melded.
You are immune to sickness and miasma.
You are immune to poison.
((Your flesh is very heat resistant. (rF++)))
((You are vulnerable to cold. (rC-)))
You float through the air rather than walking.
You learn spells naturally, not from books.
Your magical power is your life essence.
You have superior vitality. (+4 HP)


Message History

Casting: Call Imp (safe; 1% risk of failure)
Confirm with . or Enter, or press ? or * to list all spells.
The centaur resists with almost no effort.
The black bear looks frightened!
The gnoll looks frightened!
The centaur shoots an arrow.
The arrow closely misses you.
Your crimson imp blinks!
The centaur shoots an arrow.
The arrow hits you but does no damage.
The centaur shoots an arrow.
The arrow closely misses you.
Your crimson imp misses the gnoll.
Your crimson imp blinks!
The centaur shoots an arrow.
The arrow barely misses your crimson imp.
The arrow hits you!
* * * LOW HITPOINT WARNING * * *
The centaur shoots an arrow.
The arrow hits your crimson imp.
The centaur shoots an arrow.
The arrow hits you.
* * * LOW HITPOINT WARNING * * *
Your magical contamination has completely faded away.
You swap places.
Your crimson imp blinks!
Casting: Cause Fear (dangerous; 4% risk of failure)
Confirm with . or Enter, or press ? or * to list all spells.
Aiming: Inner Flame (safe; 1% risk of failure)
Press: ? - help, Shift-Dir - straight line, f - scorpion
Aim: a scorpion (translocational energy, chance to affect: 87%)
The scorpion is filled with an inner flame.
* * * LOW HITPOINT WARNING * * *
You hear a shout!
The scorpion stings you!
* * * LOW HITPOINT WARNING * * *
The centaur shoots an arrow.
The arrow hits you.
* * * LOW HITPOINT WARNING * * *
Okay, then.
Really quaff the potion of lignification?
You turn into a tree.
Your +2 robe melds into your body.
Your roots penetrate the ground.
The centaur shoots an arrow.
The arrow completely misses you.
The scorpion stings you but does no damage.
You barely miss the scorpion.
The centaur shoots an arrow.
The arrow hits you.
You die...

#..))...s...........
#...................
#..................
#....5.s..........
#..c............#
#........#+##...#
#..........5....#
#.......##.#s...#
#..........#♣...#
########.###.####
#...c.# #######


You could see a centaur, a scorpion (inner flame, ally target) and a friendly
crimson imp (summoned).

Vanquished Creatures
  Grinder (D:5)
  Sigmund (D:3)
  A necrophage (D:5)
  An ogre (D:4)
  A gnoll sergeant (D:6)
  A water moccasin zombie (D:5)
  3 howler monkeys (D:4)
  A bullfrog zombie (D:5)
  A hound (D:4)
  2 gnoll shamans (D:4)
  A scorpion zombie (D:5)
  4 orc wizards
  An iguana (D:5)
  Robin (D:3)
  17 gnolls
  4 adders
  An adder skeleton (D:4)
  3 worms
  3 dart slugs
  22 orcs
  7 endoplasms
  2 giant cockroaches
  9 goblins
  8 hobgoblins
  10 jackals (D:4)
  2 quokkas (D:3)
  5 ball pythons
  2 bats (D:2)
  3 frilled lizards
  6 kobolds
  4 rats
128 creatures vanquished.

Vanquished Creatures (collateral kills)
  An ogre (D:4)
  An orc wizard (D:4)
  A hound zombie (D:5)
  6 gnolls
  2 orcs
  A hobgoblin (D:3)
  A jackal (D:4)
  11 foxfires (D:4)
24 creatures vanquished.

Vanquished Creatures (others)
  An orc wizard (D:4)
  466 foxfires
  43 plants (D:4)
510 creatures vanquished.

Grand Total: 662 creatures vanquished

Notes
Turn   | Place    | Note
-------+----------+-------------------------------------------
     0 | D:1      | semen the Djinni Fire Elementalist began the quest for the
                  | Orb.
     0 | D:1      | Reached XP level 1. HP: 15/15 MP: 0/0
   106 | D:1      | Reached XP level 2. HP: 7/21 MP: 0/0
   874 | D:1      | Reached skill level 3 in Spellcasting
   874 | D:1      | Reached XP level 3. HP: 24/25 MP: 0/0
   874 | D:1      | Learned a level 1 spell: Sandblast
  1737 | D:2      | Reached XP level 4. HP: 26/31 MP: 0/0
  1945 | D:2      | Found a faded altar of an unknown god.
  2372 | D:3      | Found a sacrificial altar of Ru.
  2879 | D:3      | Noticed Robin
  2892 | D:3      | Killed Robin
  2893 | D:3      | Reached XP level 5. HP: 22/35 MP: 0/0
  2893 | D:3      | Learned a level 2 spell: Call Imp
  3370 | D:3      | Reached skill level 4 in Spellcasting
  3606 | D:3      | Noticed Sigmund
  3664 | D:3      | Killed Sigmund
  3665 | D:3      | Reached XP level 6. HP: 12/40 MP: 0/0
  4161 | D:4      | Noticed an ogre
  4168 | D:4      | Killed an ogre
  4169 | D:4      | Reached skill level 5 in Spellcasting
  4431 | D:4      | Reached XP level 7. HP: 40/45 MP: 0/0
  4431 | D:4      | Learned a level 3 spell: Ignite Poison
  5239 | D:4      | Found a staircase to the Ecumenical Temple.
  5621 | D:5      | Entered Level 5 of the Dungeon
  6119 | D:5      | Reached skill level 6 in Spellcasting
  6326 | D:5      | Reached skill level 1 in Fighting
  6328 | D:5      | Reached XP level 8. HP: 35/52 MP: 0/0
  6450 | D:4      | HP: 1/52 [something/magic dart (5)]
  8544 | D:4      | Reached skill level 7 in Spellcasting
  9168 | D:5      | Noticed Grinder
  9185 | D:5      | Killed Grinder
  9531 | D:6      | Reached XP level 9. HP: 27/57 MP: 0/0
  9531 | D:6      | Learned a level 4 spell: Cause Fear
  9547 | D:6      | HP: 1/57 [centaur/arrow (2)]
  9549 | D:6      | Shot with an arrow by a centaur

Illustrated notes

Levels and vault maps discovered:
D:1:      erik_arrival_orb_chamber, layout_rooms, minmay_heptomino_h4
D:2:      layout_basic, basic_ecumenical_altar
D:3:      layout_basic, amcnicky_altar_gilded, kennysheep_generic_room_4,
          uniq_robin, uniq_sigmund
D:4:      lemuel_castle_with_subvaults [lemuel_castle_interior_carwin_3],
          layout_loops_ring, minmay_temple_entry_antechambers, minivault_5,
          serial_bayou_lagoon_a, grunt_decor_junction,
          minmay_a_box_with_orc_wizards_in_it
D:5:      layout_loops_cross, nicolae_vehumet_radiance, uniq_grinder
D:6:      layout_basic, minmay_circle_x

Skill      XL: |  1  2  3  4  5  6  7  8 |
---------------+-------------------------+-----
Spellcasting   | 3 4 5 6 7 |  7.5
Stealth        | 2 3 |  3.2
Dodging        | 3 |  3.8
Fighting       | 1 |  1.3

Action                   |  1- 3 |  4- 6 |  7- 9 || total
-------------------------+-------+-------+-------++-------
Melee: Unarmed           |       |       |     2 ||     2
       Spear             |       |       |     6 ||     6
 Cast: Foxfire           |    72 |    99 |   146 ||   317
       Inner Flame       |       |     2 |    12 ||    14
       Call Imp          |       |     9 |    34 ||    43
       Sticky Flame      |       |     3 |     5 ||     8
       Conjure Flame     |       |       |    16 ||    16
       Fireball          |       |       |    12 ||    12
       Cause Fear        |       |       |     1 ||     1
  Use: Scroll            |     2 |     4 |     7 ||    13
       Potion            |     2 |       |     2 ||     4
Armor: Robe              |     4 |       |    21 ||    25
       Skin              |       |       |     1 ||     1
Dodge: Dodged            |     3 |     5 |    46 ||    54

Table legend: (Time is in decaauts)
 A = Elapsed time spent in this place.
 B = Non-inter-level travel time spent in this place.
 C = Inter-level travel time spent in this place.
 D = Time resting spent in this place.
 E = Time spent auto-exploring this place.
 F = Levels seen in this place.
 G = Mean time per level.
                   A        B        C        D        E       F      G
               +--------+--------+--------+--------+--------+-----+--------+
         Total |   9514 |   9307 |    207 |    499 |   7426 |   6 | 1585.7 |
       Dungeon |   9514 |   9307 |    207 |    499 |   7426 |   6 | 1585.7 |
               +--------+--------+--------+--------+--------+-----+--------+

Top non-repeatable levels by time:
     D:4: 3808 daAuts
     D:3: 2092 daAuts
     D:5: 1219 daAuts
     D:1: 1175 daAuts
     D:2: 1174 daAuts
     D:6: 43 daAuts
